AoeStats
← Despair

Arabia

510077505Analyzed
1v1 RM · 4d ago on Sep 29, 2026· 25m 41s· 2 players
Game mode
Random Map
Map size
Tiny (2 player)
Population
200
Speed
Normal
Resources
Standard
Victory
Conquest
Starting age
Dark Age
Ending age
Imperial Age
RankedLock teamsTeams togetherTeam positionsShared explorationLock speedFull tech treeHidden civsTurbo modeCheats
Victory
Defeat
🇫🇷 Georgians · France
1596
+17
🇨🇳 Cumans · China
1627
-17
Le Soldat Rouge
8:00 Feudal Age
8:40 Loom
9:16 Double-Bit Axe
10:04 Horse Collar
15:38 Fletching
22:30 Castle Age
20:51 Gold Mining
22:32 Crossbowman
23:07 Bodkin Arrow
23:23 Bow Saw
24:58 Ballistics
25:07 Padded Archer Armor
26:18 Leather Archer Armor
Despair
6:17 Loom
8:30 Feudal Age
17:25 Double-Bit Axe
24:24 Castle Age
23:47 Wheelbarrow
23:11 Fletching
23:26 Horse Collar
24:13 Bloodlines
24:56 Scale Barding Armor
Connection lost

Rejoining the realm…

Still unreachable

The connection could not be restored.

Session expired

The server has moved on; the page needs a fresh start.